 Dungeon Crawl Stone Soup version bcrawl-1.15.1 (webtiles) character file.

Game seed: 9064659037116046491

31940 Chiseanne the Peltast (level 13, -4/96 HPs)
             Began as a Demonspawn Archaeologist on Sept 28, 2019.
             Was a High Priest of Dithmenos.
             Killed by divine providence
             ... invoked by an orc priest
              (12 damage)
             ... in the Orcish Mines.
             The game lasted 00:36:08 (14977 turns).

Chiseanne the Peltast (Demonspawn Archaeologist)   Turns: 14977, Time: 00:36:09

Health: -4/96      AC: 14    Str: 12    XL:     13   Next: 28%
Magic:  15/15      EV: 18    Int: 15    God:    Dithmenos [*****.]
Gold:   768        SH: 22    Dex: 17    Spells: 10/13 levels left

rFire    + . .     SeeInvis +   E - +4 whip (elec)
rCold    + . .     Gourm    .   H - +3 shield {rN+}
rNeg     + . .     Faith    .   f - +5 robe of Night {Dark MR+ SInv}
rPois    .         Spirit   .   y - +2 hat
rElec    .         Reflect  +   (no cloak)
rCorr    .         Harm     .   (no gloves)
MR       +....                  G - +1 pair of boots
Stlth    ++++++++++             u - +6 amulet of reflection
HPRegen  0.26/turn              m - ring of stealth
MPRegen  0.14/turn              (no ring)

@: wreathed by umbra
A: horns 1, talons 1, yellow scales 2, cold resistance 1, fire resistance 1,
foul stench 1, high mp 1, spiny 2, rot immunity
a: Shadow Step, Shadow Form, Renounce Religion


You were in the Orcish Mines.
You worshipped Dithmenos.
Dithmenos was extremely pleased with you.
You were not hungry.

You visited 2 branches of the dungeon, and saw 13 of its levels.

You collected 964 gold pieces.
You spent 196 gold pieces at shops.

Inventory:

Hand Weapons
 a - a +2 short sword of electrocution
 d - a +1 trident of piercing
 e - a +2 hunting sling of flaming
 l - a +0 dagger of venom
 s - a +0 short sword of speed
 w - a +0 blowgun
 E - a +4 whip of electrocution (weapon)
 R - a +2 scimitar of flaming
Missiles
 i - 594 sling bullets
 n - 1260 poisoned needles
 q - 314 bolts
 B - 301 tomahawks (quivered)
Armour
 f - the +5 robe of Night (worn) {Dark MR+ SInv}

   It affects your resistance to hostile enchantments.
   It lets you see invisible.
 p - a scarf of stasis
 y - a +2 hat (worn)
 G - a +1 pair of boots (worn)
 H - a +3 shield of positive energy (worn)
Jewellery
 b - an uncursed amulet of magic regeneration
 m - a ring of stealth (left hand)
 u - a +6 amulet of reflection (around neck)
 z - an uncursed amulet of the gourmand
Wands
 c - a wand of paralysis (1)
 h - a wand of flame (27)
 r - a wand of enslavement (7)
 D - a wand of disintegration (6)
 J - a wand of iceblast (14)
Scrolls
 o - 4 scrolls of identify
 t - 2 scrolls of immolation
 v - 5 scrolls of remove curse
 A - a scroll of blinking
 C - a scroll of silence
 F - a scroll of amnesia
 I - a scroll of fog
 P - a scroll of enchant armour
 Q - a scroll of teleportation
Potions
 j - 6 potions of curing
 k - 4 potions of flight
 x - a potion of haste
 K - a potion of might
 L - 4 potions of ambrosia
 M - 2 potions of heal wounds
 O - a potion of cancellation
Miscellaneous
 N - a box of beasts
Comestibles
 g - 20 rations {!d}
 S - 6 chunks of flesh


   Skills:
 * Level 7.4 Fighting
 - Level 0.8 Maces & Flails
 * Level 3.0 Throwing
 - Level 0.5 Armour
 * Level 8.0 Dodging
 * Level 11.3 Stealth
 - Level 15.0 Shields
 - Level 0.8 Spellcasting
 - Level 0.8 Hexes


You had 10 spell levels left.
You knew the following spells:

 Your Spells              Type           Power        Failure   Level  Hunger
a - Confuse               Hex            #.......     47%         3    ####...

Your spell library contained the following spells:

 Spells                   Type           Power        Failure   Level  Hunger
 Corona                   Hex            #......      19%         1    ##.....
 Shackle                  Hex            #.......     26%         2    ###....
 Ensorcelled Hibernation  Hex/Ice        #.....       32%         2    ###....
 Tukima's Dance           Hex            #.......     47%         3    ####...
 Dazzling Spray           Conj/Hex       #.....       54%         3    ####...
 False Image              Hex/Summ       #.......     54%         3    ####...
 Inner Flame              Hex/Fire       N/A          54%         3    ####...
 Cause Fear               Hex            #.........   87%         4    #####..
 Yara's Violent Unravell  Hex/Tmut       #.........   91%         4    #####..
 Iskenderun's Battlesphe  Conj/Chrm      #.......     100%        5    ######.
 Iron Shot                Conj/Erth      #.........   100%        6    #######
 Poison Arrow             Conj/Pois      #.........   100%        6    #######
 Orb of Destruction       Conj           #.........   100%        7    #######
 Spellforged Servitor     Conj/Summ      #.........   100%        7    #######


Dungeon Overview and Level Annotations

Branches:
Dungeon (12/12)            Temple (0/1) D:7            Lair (0/6) D:9
    Orc (1/1) D:8          Vaults (0/3) D:12         Depths (0/5) D:12
    Elf: Orc:1

Altars:
Dithmenos
Fedhas
Hepliaklqana
Kikubaaqudgha
Nemelex Xobeh
Okawaru
Qazlal
Ru
Uskayaw
Xom
Yredelemnul
The Shining One
Beogh

Shops:
D:4 }   D:5 [   D:9 }   D:10 [=}   D:11 %   Orc [?

Annotations:
D:10 grocchini's ghost, journeyman DsAc


Innate Abilities, Weirdness & Mutations

You have a pair of small horns on your head.
You are mostly covered in yellow scales. (AC +3)
You may emit foul miasma when damaged in melee.
You are mostly covered in sharp spines.
You are immune to rotting.
You have sharp toenails.
Your flesh is cold resistant. (rC+)
Your flesh is heat resistant. (rF+)
You have an increased reservoir of magic. (+10% MP)


Message History

The orc knight hits you with a +0 dire flail!!
You emit a cloud of foul miasma!
You hit the orc. Your headbutt misses the orc.
The orc is severely wounded.
You block the orc's attack. x2
The orc warrior is struck by your spines.
The orc warrior completely misses you. The ice devil is struck by your spines.
The ice devil hits you but does no damage.
The orc knight is engulfed in dark miasma.
The orc knight is poisoned.
The orc knight hits you with a +0 dire flail!!
* * * LOW HITPOINT WARNING * * *
You hear a trumpeting!
An orc priest comes into view.
You hear a shout!
An orc warrior comes into view. It is wielding a +0 trident.
You block the orc's attack. You block the ice devil's attack.
The orc priest mumbles some strange prayers to Beogh against you.
Beogh smites you!
You die...

.#.....
....#..##
∩.#..o.o##
#..o#ooo.##
#..o.#4..##
#oooo@...#
##.o###...#
##..## .o.
##..## ..
##..## o
......#..
##..##
..........
##..##
.#.....#...
.###..##
#..........
..###))##


You could see an orc knight, an ice devil, 3 orc warriors, 2 orc priests and 7
orcs.

Vanquished Creatures
  An ice dragon (D:11)
  5 hydras
  A vault guard (D:12)
  4 centaur warriors
  4 two-headed ogres
  A wolf spider zombie (D:12)
  Pikel (D:4)
  3 ugly things
  A wolf spider (D:11)
  2 centaur zombies
  A manticore (D:12)
  A guardian serpent (shapeshifter) (D:12)
  Joseph (D:10)
  A freezing wraith (D:12)
  A komodo dragon (D:10)
  An efreet (D:12)
  5 kobold demonologists (D:10)
  5 polar bears
  3 trolls
  Prince Ribbit (D:8)
  A hornet (D:11)
  6 slime creatures (D:12)
  5 hippogriffs
  A shadow (D:11)
  A centaur simulacrum (D:12)
  A wraith (D:12)
  A wyvern (D:10)
  11 yaks
  10 humans (D:12)
  2 hungry ghosts
  Grum (D:10)
  2 vampire mosquitoes (D:12)
  A warg (Orc)
  Edmund (D:4)
  An acid dragon (D:10)
  4 orc warriors
  6 ice beasts
  3 sky beasts
  A hornet zombie (D:8)
  An eye of draining (D:11)
  3 necrophages
  2 phantoms (D:10)
  A slave (D:4)
  A centaur (D:8)
  4 ogres
  7 wolves
  A crocodile (D:12)
  9 big kobolds
  4 bullfrogs
  A gnoll sergeant (D:9)
  3 scorpions
  A water moccasin skeleton (D:7)
  6 wights
  3 howler monkeys
  A bullfrog zombie (D:7)
  6 crimson imps
  2 human zombies (D:12)
  2 jellies
  2 quasits
  4 hounds
  5 orc priests
  5 orc wizards
  4 centaur skeletons
  2 iguanas
  3 human skeletons (D:12)
  8 worker ants
  2 hound zombies
  An ogre skeleton (D:12)
  A hound skeleton (D:9)
  A mummy (D:12)
  3 worker ant zombies
  12 adders
  7 gnolls
  3 shadow imps
  An ufetubus (D:12)
  An ooze (D:1)
  An adder skeleton (D:8)
  3 worms
  3 dart slugs
  4 leopard geckos
  28 orcs
  A ball python (D:2)
  3 bats
  2 bat zombies (D:6)
  3 giant cockroaches
  3 goblins
  5 hobgoblins
  11 jackals
  12 kobolds
  A quokka (D:3)
  3 frilled lizards (D:1)
  A goblin skeleton (D:9)
  A kobold skeleton (D:9)
  2 kobold zombies (D:9)
  A leopard gecko skeleton (D:5)
  2 orc skeletons (D:9)
  4 orc zombies
  6 rats
  A rat zombie (D:6)
326 creatures vanquished.

Vanquished Creatures (others)
  A cyclops (D:11)
  A human (D:12)
  A centaur (D:10)
  A big kobold (D:10)
  A goblin (D:3)
  2 fungi (D:10)
  2 plants (D:10)
9 creatures vanquished.

Grand Total: 335 creatures vanquished

Notes
Turn   | Place    | Note
-------+----------+-------------------------------------------
     0 | D:1      | Chiseanne the Demonspawn Archaeologist began the quest for
                  | the Orb.
     0 | D:1      | Reached XP level 1. HP: 15/15 MP: 1/1
   132 | D:1      | Gained mutation: You are immune to rotting. [demonic
                  | ancestry]
   132 | D:1      | Reached XP level 2. HP: 17/21 MP: 2/2
   963 | D:2      | Gained mutation: You are partially covered in sharp spines.
                  | [demonic ancestry]
   963 | D:2      | Reached XP level 3. HP: 27/27 MP: 3/3
  1250 | D:2      | Found an iron altar of Okawaru.
  1638 | D:2      | Found a hide-covered altar of Uskayaw.
  1641 | D:2      | Found a sacrificial altar of Ru.
  1644 | D:2      | Found a shimmering altar of Xom.
  1793 | D:3      | Found a sparkling altar of Nemelex Xobeh.
  1971 | D:3      | Gained mutation: You are mostly covered in sharp spines.
                  | [demonic ancestry]
  1971 | D:3      | Reached XP level 4. HP: 33/33 MP: 4/4
  1996 | D:3      | Noticed an ogre
  2053 | D:2      | Killed an ogre
  2053 | D:2      | Reached XP level 5. HP: 6/38 MP: 5/5
  2473 | D:3      | Found a stormy altar of Qazlal.
  2473 | D:3      | Found a blossoming altar of Fedhas.
  2688 | D:4      | Gained mutation: You have a pair of small horns on your
                  | head. [demonic ancestry]
  2688 | D:4      | Reached XP level 6. HP: 14/44 MP: 6/6
  3102 | D:4      | Found Huoll's Gadget Boutique.
  3185 | D:4      | Noticed Edmund
  3207 | D:4      | Killed Edmund
  3429 | D:4      | Noticed a slave
  3430 | D:4      | Noticed a slave
  3434 | D:4      | Noticed Pikel
  3446 | D:4      | Killed a slave
  3447 | D:4      | Noticed a slave
  3467 | D:4      | Noticed a slave
  3471 | D:4      | Killed Pikel
  3471 | D:4      | Reached XP level 7. HP: 13/54 MP: 7/7
  4043 | D:5      | Entered Level 5 of the Dungeon
  4050 | D:5      | Reached XP level 8. HP: 61/61 MP: 8/8
  4094 | D:5      | Reached skill level 5 in Dodging
  4299 | D:5      | Found Plog's Antique Armour Shoppe.
  4305 | D:5      | Bought a runed hat for 196 gold pieces
  4371 | D:5      | Reached skill level 5 in Fighting
  5187 | D:6      | Reached XP level 9. HP: 63/69 MP: 9/9
  5296 | D:6      | Found an ancient bone altar of Kikubaaqudgha.
  5305 | D:6      | Learned a level 3 spell: Confuse
  5754 | D:7      | Found a shadowy altar of Dithmenos.
  5757 | D:7      | Became a worshipper of Dithmenos the Shadowed
  5873 | D:7      | Reached skill level 1 in Shields
  5972 | D:7      | Reached skill level 2 in Shields
  6018 | D:7      | Noticed a troll
  6038 | D:7      | Gained mutation: Scrolls take you a little longer to read.
                  | [potion of mutation]
  6038 | D:7      | Gained mutation: Your mind is acute. (Int +2) [potion of
                  | mutation]
  6041 | D:7      | Killed a troll
  6041 | D:7      | Reached skill level 3 in Shields
  6340 | D:7      | Found a staircase to the Ecumenical Temple.
  6353 | D:7      | Reached skill level 4 in Shields
  6620 | D:8      | Found Avauth's Antique Armour Emporium.
  6718 | D:8      | Noticed Prince Ribbit
  6886 | D:8      | Found a staircase to the Orcish Mines.
  7040 | D:8      | Reached skill level 5 in Shields
  7188 | D:8      | Killed Prince Ribbit
  7188 | D:8      | Reached skill level 6 in Shields
  7322 | D:8      | Found a stormy altar of Qazlal.
  7621 | D:9      | Found a glowing golden altar of the Shining One.
  7623 | D:9      | Reached * piety under Dithmenos
  7690 | D:9      | Reached skill level 7 in Shields
  7694 | D:9      | Reached XP level 10. HP: 63/76 MP: 11/11
  7814 | D:9      | Reached skill level 8 in Shields
  8205 | D:9      | Found a basalt altar of Yredelemnul.
  8257 | D:9      | Found a hazy altar of Hepliaklqana.
  8322 | D:9      | Found Yfov's Gadget Shop.
  8345 | D:9      | Found a staircase to the Lair.
  8442 | D:9      | Found a glowing golden altar of the Shining One.
  8712 | D:10     | Entered Level 10 of the Dungeon
  8712 | D:10     | Noticed Joseph
  8722 | D:10     | Killed Joseph
  8722 | D:10     | Reached skill level 9 in Shields
  8804 | D:10     | Reached ** piety under Dithmenos
  8821 | D:10     | Reached skill level 10 in Shields
  8841 | D:10     | Noticed Grum
  8858 | D:10     | Killed Grum
  8859 | D:10     | Found Nogeuck's Armour Shoppe.
  9068 | D:10     | Found Ittaficw's Jewellery Shoppe.
  9121 | D:10     | Noticed a cyan ugly thing
  9155 | D:10     | Lost mutation: Your mind is acute. (Int +2) [potion of
                  | mutation]
  9155 | D:10     | Lost mutation: Scrolls take you a little longer to read.
                  | [potion of mutation]
  9155 | D:10     | Gained mutation: You have sharp toenails. [potion of
                  | mutation]
  9155 | D:10     | Gained mutation: You have an increased reservoir of magic.
                  | (+10% MP) [potion of mutation]
  9155 | D:10     | Gained mutation: Your flesh is cold resistant. (rC+)
                  | [potion of mutation]
  9155 | D:10     | Gained mutation: Your flesh is heat resistant. (rF+)
                  | [potion of mutation]
  9428 | D:10     | Noticed a four-headed hydra
  9443 | D:10     | Killed a four-headed hydra
  9443 | D:10     | Reached skill level 11 in Shields
  9443 | D:10     | Gained mutation: You are partially covered in yellow
                  | scales. (AC +2) [demonic ancestry]
  9443 | D:10     | Reached XP level 11. HP: 34/81 MP: 13/13
  9852 | D:10     | Killed a cyan ugly thing
 10033 | D:10     | Found a runed translucent gate.
 10033 | D:10     | Found a runed translucent gate.
 10034 | D:10     | Found a runed translucent gate.
 10034 | D:10     | Noticed grocchini's ghost (journeyman DsAc)
 10050 | D:10     | Found Tulodell's Gadget Shop.
 10440 | D:10     | Reached skill level 12 in Shields
 10918 | D:11     | Reached *** piety under Dithmenos
 10945 | D:11     | Found a frozen archway.
 10948 | D:11     | Noticed an ice dragon
 10986 | D:11     | Reached skill level 13 in Shields
 11000 | D:11     | Killed an ice dragon
 11273 | D:11     | Noticed a two-headed ogre
 11285 | D:11     | Killed a two-headed ogre
 11304 | D:11     | Noticed a purple ugly thing
 11338 | D:11     | Noticed a wolf spider
 11340 | D:11     | Noticed a centaur warrior
 11346 | D:11     | Killed a wolf spider
 11353 | D:11     | Killed a centaur warrior
 11353 | D:11     | Gained mutation: You are mostly covered in yellow scales.
                  | (AC +3) [demonic ancestry]
 11353 | D:11     | Reached XP level 12. HP: 82/88 MP: 14/14
 11368 | D:11     | Noticed a two-headed ogre
 11384 | D:11     | Killed a two-headed ogre
 11405 | D:11     | Noticed a five-headed hydra
 11449 | D:11     | Killed a five-headed hydra
 11449 | D:11     | Reached skill level 14 in Shields
 11765 | D:11     | Found Ziugomot's Food Shoppe.
 11793 | D:11     | Noticed a two-headed ogre
 11805 | D:11     | Killed a two-headed ogre
 12435 | D:11     | Noticed a four-headed hydra
 12448 | D:11     | Killed a four-headed hydra
 12615 | D:12     | Entered Level 12 of the Dungeon
 12723 | D:12     | Noticed a centaur warrior
 12725 | D:12     | Noticed a centaur warrior
 12731 | D:12     | Killed a centaur warrior
 12731 | D:12     | Reached skill level 15 in Shields
 12735 | D:12     | Killed a centaur warrior
 12735 | D:12     | Reached skill level 10 in Stealth
 12769 | D:12     | Reached skill level 1 in Throwing
 12778 | D:12     | Reached **** piety under Dithmenos
 13413 | D:12     | Found a basalt altar of Yredelemnul.
 13522 | D:12     | Noticed a centaur warrior
 13532 | D:12     | Killed a centaur warrior
 13665 | D:12     | Noticed a two-headed ogre
 13682 | D:12     | Killed a two-headed ogre
 13922 | D:12     | Gained mutation: You may emit foul miasma when damaged in
                  | melee. [demonic ancestry]
 13922 | D:12     | Reached XP level 13. HP: 82/95 MP: 15/15
 14052 | D:12     | Found a hide-covered altar of Uskayaw.
 14193 | D:12     | Found a staircase to the Depths.
 14487 | D:12     | Reached ***** piety under Dithmenos
 14647 | D:12     | Found a gate to the Vaults.
 14880 | Orc      | Entered the Orcish Mines
 14880 | Orc      | Found Nysagrio's Antique Armour Emporium.
 14912 | Orc      | Found a roughly hewn altar of Beogh.
 14961 | Orc      | Found Bozxacipp's Magic Scroll Emporium.
 14977 | Orc      | Killed from afar by an orc priest

Skill      XL: |  1  2  3  4  5  6  7  8  9 10 11 12 13 |
---------------+----------------------------------------+-----
Dodging        | 3 4 6 7 8 |  8.0
Fighting       | 2 4 6 7 |  7.4
Stealth        | 4 7 8 9 10 11 | 11.3
Shields        | 7 11 13 15 | 15.0
Throwing       | 2 3 |  3.0
Maces & Flails | |  0.8
Armour         | |  0.5
Spellcasting   | |  0.8
Hexes          | |  0.8

Action                   |  1- 3 |  4- 6 |  7- 9 | 10-12 | 13-15 || total
-------------------------+-------+-------+-------+-------+-------++-------
Melee: Whip              |   115 |       |    46 |   419 |   108 ||   688
       Short sword       |    19 |   135 |   299 |   257 |    24 ||   734
       Flail             |    13 |       |       |       |       ||    13
       Headbutt          |       |    14 |    69 |   171 |    26 ||   280
       Dagger            |       |       |       |    12 |       ||    12
Throw: Stone             |       |       |     4 |       |       ||     4
       Tomahawk          |       |       |       |     4 |       ||     4
Evoke: Wand              |       |       |     5 |     7 |       ||    12
       Box of beasts     |       |       |       |     1 |       ||     1
  Use: Scroll            |     8 |     4 |     6 |     8 |       ||    26
       Potion            |       |     2 |     5 |     7 |       ||    14
 Stab: Sleeping          |    12 |     6 |    28 |    32 |     6 ||    84
       Distracted        |       |       |       |     2 |       ||     2
       Paralysed         |       |       |       |     1 |       ||     1
  Eat: Chunk             |     3 |     5 |    11 |    21 |     4 ||    44
       Ration            |       |       |     1 |       |       ||     1
Armor: Robe              |     2 |    11 |    38 |   115 |    18 ||   184
       Acid dragon scale |    50 |    11 |       |       |       ||    61
Dodge: Dodged            |   102 |    44 |   117 |   307 |    41 ||   611
Block: Other             |       |    14 |    35 |       |       ||    49
       Reflection        |       |     1 |       |    14 |       ||    15
       Shield            |       |       |   126 |   773 |   145 ||  1044
